AoeStats
← PepePompinn4300

Nomad

506800281Analyzed
4v4 RM · 17d ago on Sep 15, 2026· 39m 14s· 8 players
Game mode
Random Map
Map size
231×231
Population
200
Speed
Normal
Resources
Standard
Victory
Conquest
Starting age
Dark Age
Ending age
Imperial Age
RankedLock teamsTeams togetherTeam positionsShared explorationLock speedFull tech treeHidden civsTurbo modeCheats
Victory
Defeat
🇦🇺 Aztecs · Australia
1603
+11
🇫🇷 Byzantines · France
1600
+11
🇦🇷 Slavs · Argentina
1595
+12
🇦🇺 Celts · Australia
1591
+12
🇨🇳 Spanish · China
1524
-13
🇹🇼 Maya · Taiwan
1523
-12
🇲🇽 Mongols · Mexico
1485
-11
🇮🇳 Khmer · India
1463
-10
acyhjujaxuzjkt
5:14 Loom
15:04 Feudal Age
16:29 Double-Bit Axe
adi.rathore
4:50 Loom
16:01 Feudal Age
19:21 Castle Age
18:14 Horse Collar
19:14 Double-Bit Axe
19:54 Bloodlines
25:23 Scale Barding Armor
28:02 Chain Barding Armor
30:02 Forging
32:42 Wheelbarrow
33:05 Husbandry
35:37 Iron Casting
37:07 Hand Cart
鼠條
3:58 Loom
14:11 Feudal Age
17:48 Castle Age
16:17 Double-Bit Axe
18:20 Horse Collar
18:54 Bow Saw
21:52 Wheelbarrow
21:41 Fletching
22:37 Ballistics
23:04 Bodkin Arrow
23:59 Padded Archer Armor
27:03 Gold Mining
27:06 Stone Mining
29:51 Stone Shaft Mining
37:51 Imperial Age
36:37 Hand Cart
37:14 Forging
37:07 Eagle Warrior
_BeTo_
5:13 Loom
12:48 Feudal Age
16:45 Castle Age
17:54 Fletching
18:18 Double-Bit Axe
23:32 Town Watch
29:22 Bodkin Arrow
33:56 Ballistics
35:19 Wheelbarrow
PepePompinn4300
4:39 Loom
16:17 Feudal Age
16:58 Double-Bit Axe
16:54 Fishing Lines
21:13 Castle Age
22:09 Bow Saw
21:39 Horse Collar
22:05 Stone Mining
22:34 Fletching
24:13 Heavy Plow
27:44 Wheelbarrow
29:24 Detinets
29:51 Gillnets
30:43 Gold Mining
30:49 Bodkin Arrow
33:50 Gold Shaft Mining
36:52 Imperial Age
34:47 Scale Barding Armor
36:08 Chain Barding Armor
36:49 Bloodlines
36:40 Husbandry
37:12 Forging
37:48 Hand Cart
38:33 Plate Barding Armor
38:37 Conscription
39:18 Iron Casting
39:34 Crop Rotation
iFxrY
7:35 Loom
17:13 Feudal Age
18:42 Double-Bit Axe
21:02 Castle Age
19:21 Gold Mining
19:52 Fishing Lines
20:04 Stone Mining
20:58 Fletching
22:06 Bow Saw
21:54 Gillnets
24:19 Wheelbarrow
24:11 Scale Barding Armor
26:23 Light Cavalry
28:04 Hand Cart
28:24 Treadmill Crane
29:53 Bodkin Arrow
30:35 Clinker Construction
33:30 Imperial Age
33:02 Chain Barding Armor
32:48 Horse Collar
33:33 Heavy Camel Rider
35:41 Plate Barding Armor
36:24 Husbandry
36:10 Capped Ram
37:14 Forging
37:33 Bracer
40:22 Chemistry
40:18 Iron Casting
RogerRamjet
3:16 Loom
13:37 Feudal Age
14:07 Double-Bit Axe
15:57 Fishing Lines
21:09 Castle Age
19:45 Scale Mail Armor
19:56 Forging
21:21 Eagle Warrior
22:14 Squires
22:38 Medium Warships
22:26 Horse Collar
24:02 Wheelbarrow
24:42 Chain Mail Armor
25:52 Town Watch
26:20 Bow Saw
27:53 Heavy Plow
36:27 Fletching
40:40 Imperial Age
39:44 Iron Casting
39:59 Hand Cart
Sp Bro
5:14 Loom
13:37 Feudal Age
19:34 Castle Age
17:53 Double-Bit Axe
21:16 Fishing Lines
23:24 Scale Mail Armor
25:27 Forging
26:37 Chain Mail Armor
27:06 Bow Saw
34:28 Imperial Age
32:48 Gillnets
34:00 Ballistics
33:27 Treadmill Crane
33:31 Horse Collar
35:18 Capped Ram
36:33 Plate Mail Armor
36:16 Arson
38:51 Heavy Scorpion
39:50 Siege Engineers
Connection lost

Rejoining the realm…

Still unreachable

The connection could not be restored.

Session expired

The server has moved on; the page needs a fresh start.